 Dungeon Crawl Stone Soup version 0.28.0-45-g0d030f2227 (webtiles) character file.

Game seed: 7052998180256770941

18 KingTuna the Vexing (level 2, 0/21 HPs)
             Began as a Barachi Arcane Marksman on Apr 13, 2022.
             Slain by a scorpion (8 damage)
             ... on level 2 of the Dungeon.
             The game lasted 00:09:37 (379 turns).

KingTuna the Vexing (Barachi Arcane Marksman)        Turns: 379, Time: 00:09:37

Health: 0/21       AC:  7    Str: 11    XL:     2   Next: 70%
Magic:  3/3        EV:  9    Int: 13    God:
Gold:   26         SH:  0    Dex: 12    Spells: 2/3 levels left

rFire   . . .      SeeInvis .   i - +3 mace
rCold   . . .      Faith    .   (no shield)
rNeg    . . .      Spirit   .   d - +0 scale mail
rPois   .          Reflect  .   (no helmet)
rElec   .          Harm     .   (no cloak)
rCorr   .          Rampage  .   (no gloves)
Will    .....                   n - +0 pair of boots
Stlth   ..........              (no amulet)
HPRegen 0.07/turn               (no ring)
MPRegen 0.08/turn               (no ring)

@: slow
A: amphibious, slowness 1, strong legs 1, +LOS
a: Hop


You were on level 2 of the Dungeon.
You visited 1 branch of the dungeon, and saw 2 of its levels.

You collected 26 gold pieces.

Inventory:

Hand Weapons
 i - a +3 mace (weapon)
 j - a +0 hand axe
 l - a +0 spear
 m - a +0 whip
Missiles
 b - 5 javelins
 c - 2 throwing nets
 f - 35 bolts
 o - 17 sling bullets
Armour
 a - a +0 robe
 d - a +0 scale mail (worn)
 k - a +0 cloak
 n - a +0 pair of boots (worn)
Scrolls
 g - a scroll of noise
Potions
 p - a potion of ambrosia {unknown}


   Skills:
 + Level 1.3 Fighting
 + Level 0.5 Maces & Flails
 + Level 2.1 Throwing
 + Level 2.5 Dodging
 + Level 1.1 Spellcasting
 + Level 3.8 Hexes


You had 2 spell levels left.
You knew the following spells:

 Your Spells              Type           Power      Damage    Failure   Level
a - Slow                  Hex            40%        N/A       36%         1

Your spell library contained the following spells:

 Spells                   Type           Power      Damage    Failure   Level
 Inner Flame              Hex/Fire       5%         N/A       94%         3
 Portal Projectile        Hex/Tloc       10%        N/A       94%         3
 Cause Fear               Hex            5%         N/A       98%         4


Dungeon Overview and Level Annotations

Branches:
Dungeon (2/15)

Altars:


Innate Abilities, Weirdness & Mutations

You are amphibious.
You cover ground slowly.
You can hop short distances.
You have an extended range of vision and can be seen from far away.


Message History

a +0 short sword; 3 stones; a kobold corpse You open the door.
Found a stone staircase leading up.
A ball python, a giant cockroach, a worm and a scorpion come into view.
Found an escape hatch in the ceiling.
There is an open door here.
The giant cockroach closely misses you. The giant cockroach bites you.
* * * LOW HITPOINT WARNING * * *
There is an open door here.
As you read the scroll labelled NIHOYDDIYSUL, it crumbles to dust.
It is a scroll of identify.
g - a scroll of noise The giant cockroach closely misses you.
The scorpion completely misses you.
It was a potion of curing.
You feel better.
The giant cockroach bites you but does no damage.
The scorpion barely misses you.
The giant cockroach bites you but does no damage.
Okay, then.
The scorpion stings you but does no damage.
The scorpion stings you.
You are lethally poisoned!
The scorpion poisons you!
You feel very sick.
* * * LOW HITPOINT WARNING * * *
You feel sick.
There is an open door here.
* * * LOW HITPOINT WARNING * * *
You feel sick.
The scorpion stings you but does no damage.
You see here a ball python corpse.
You hit the scorpion.
The scorpion is lightly wounded.
* * * LOW HITPOINT WARNING * * *
You feel sick. The scorpion barely misses you.
The scorpion stings you but does no damage.
You feel better. The scorpion stings you.
* * * LOW HITPOINT WARNING * * *
Okay, then.
You feel better. The scorpion stings you!
You die...

.....<......#
##...###..
..<.........# #Z#K#
.........# #.#.#
...#####w###### #...#
#........# ##..#
#........# #..#
#..).....# ##.#####.##
#.......S#####>........
#.......Bs@.†........#.
#........#############
#........# #........#
#........# #........#
#........# #........#
##########


You could see a worm, a scorpion, a giant cockroach and a ball python.

Vanquished Creatures
  An adder skeleton (D:2)
  A dart slug (D:1)
  2 ball pythons
  An endoplasm (D:1)
  A giant cockroach (D:1)
  A hobgoblin (D:2)
  2 bats (D:1)
  A frilled lizard (D:1)
  3 kobolds
  2 rats (D:1)
15 creatures vanquished.

Notes
Turn   | Place    | Note
-------+----------+-------------------------------------------
     0 | D:1      | KingTuna the Barachi Arcane Marksman began the quest for
                  | the Orb.
     0 | D:1      | Reached XP level 1. HP: 15/15 MP: 2/2
   164 | D:1      | Reached XP level 2. HP: 21/21 MP: 3/3
   365 | D:2      | Noticed a scorpion
   379 | D:2      | Slain by a scorpion

Illustrated notes

Levels and vault maps discovered:
D:1:      scummos_arrival_simple_fountains, layout_basic, minmay_domino_4
D:2:      layout_basic, basic_altar, minmay_indecisive_spiral, uniq_natasha

Action                   || total
-------------------------++-------
Melee: Unarmed           ||     9
       Mace              ||    28
       Spear             ||     4
       Punch             ||     2
Throw: Javelin           ||     3
  Use: Potion            ||     3
       Scroll            ||     1
Armor: Scale mail        ||    26
Dodge: Dodged            ||    38
